 Dungeon Crawl Stone Soup version 0.29-a0-294-g83ea962da3 (webtiles) character file.

Game seed: 14805040764997820669

35 Ajdolov the Firebug (level 3, -1/31 HPs)
             Began as an Ogre Fire Elementalist on Mar 18, 2022.
             Slain by an iguana (11 damage)
             ... on level 1 of the Dungeon.
             The game lasted 00:02:28 (1539 turns).

Ajdolov the Firebug (Ogre Fire Elementalist)        Turns: 1539, Time: 00:02:28

Health: -1/31      AC:  3    Str: 12    XL:     3   Next: 33%
Magic:  2/7        EV:  9    Int: 18    God:
Gold:   45         SH:  0    Dex:  9    Spells: 5/8 levels left

rFire   . . .      SeeInvis .   i - +2 dagger (drain)
rCold   . . .      Faith    .   (no shield)
rNeg    . . .      Spirit   .   a - +0 robe
rPois   .          Reflect  .   (helmet restricted)
rElec   .          Harm     .   (no cloak)
rCorr   .          Rampage  .   (gloves unavailable)
Will    .....                   (boots unavailable)
Stlth   +.........              (no amulet)
HPRegen 0.10/turn               (no ring)
MPRegen 0.10/turn               (no ring)

@: no status effects
A: large, unfitting armour, tough skin 1
a: no special abilities


You were on level 1 of the Dungeon.
You visited 1 branch of the dungeon, and saw 2 of its levels.

You collected 45 gold pieces.

Inventory:

Hand Weapons
 i - a +2 dagger of draining (weapon)
Armour
 a - a +0 robe (worn)
Scrolls
 e - a scroll of identify {unknown}
 l - a scroll of teleportation {unknown}
Potions
 b - a potion of magic
 c - a potion of ambrosia {unknown}
 d - 2 potions of curing {unknown}
 f - a potion of attraction {unknown}
 g - a potion of brilliance {unknown}
 h - a potion of degeneration {unknown}
 j - a potion of mutation {unknown}
 k - a potion of haste {unknown}


   Skills:
 - Level 1.7 Dodging
 - Level 1.4 Stealth
 * Level 3.3 Spellcasting
 - Level 0.8 Conjurations
 - Level 3.4 Fire Magic


You had 5 spell levels left.
You knew the following spells:

 Your Spells              Type           Power      Damage    Failure   Level
a - Foxfire               Conj/Fire      40%        2x1d6     7%          1
b - Scorch                Fire           30%        2d6       6%          2

Your spell library contained the following spells:

 Spells                   Type           Power      Damage    Failure   Level
 Conjure Flame            Conj/Fire      10%        6-21      21%         3
 Inner Flame              Hex/Fire       9%         N/A       24%         3
 Flame Wave               Conj/Fire      10%        2d5       54%         4


Dungeon Overview and Level Annotations

Branches:
Dungeon (2/15)

Altars:


Innate Abilities, Weirdness & Mutations

You are too large for most types of armour.
You have tough skin. (AC +1)


Message History

There is an open door here.
There is a stone staircase leading down here.
You climb downwards.
The iguana hisses angrily.
There is a stone staircase leading up here.
Flames lash the iguana.
The iguana is moderately wounded.
The iguana's fire resistance burns away.
You hear an angry hiss.
The iguana bites you.
You miscast Scorch.
You are very lightly contaminated with residual magic.
Nothing appears to happen.
The iguana bites you.
Flames lash the iguana.
The iguana is burned terribly!
The iguana is heavily wounded.
An adder comes into view.
The iguana bites you!
You are too injured to fight recklessly!
Unknown command.
The iguana barely misses you.
You climb upwards.
There is a stone staircase leading down here.
The iguana bites you.
Your magical contamination has completely faded away.
The iguana is no longer more vulnerable to fire.
The iguana attacks as you move away! The iguana bites you.
There is an open door here.
You completely miss the iguana.
The iguana is heavily wounded.
The iguana closely misses you.
You hit the iguana but do no damage.
The iguana is heavily wounded.
The iguana bites you.
You barely miss the iguana.
The iguana is heavily wounded.
The iguana bites you but does no damage.
You closely miss the iguana.
The iguana is heavily wounded.
The iguana bites you!
You die...

'.....##.# #............#
#....###.# #.......(....#
.........# #............#
########## #............#
####### #............# ......#
#............# ###.#.#
############'#####
....#.############..........#
...รท............@l.....>....#
#...#####...######..........#
#.#.# #...# #..........# ..#.#
#...# #..........# ..#.# #...#
#..........# ..#.# #####
#..........# ....#
#..........# #.#.#
############ #)#+## #########


You could see an iguana.

Vanquished Creatures
  5 endoplasms (D:1)
  2 giant cockroaches (D:1)
  A goblin (D:1)
  4 hobgoblins (D:1)
  2 jackals (D:1)
  3 kobolds (D:1)
  A quokka (D:1)
  5 bats (D:1)
  3 frilled lizards (D:1)
  4 rats (D:1)
30 creatures vanquished.

Vanquished Creatures (others)
  28 foxfires (D:1)
28 creatures vanquished.

Grand Total: 58 creatures vanquished

Notes
Turn   | Place    | Note
-------+----------+-------------------------------------------
     0 | D:1      | Ajdolov the Ogre Fire Elementalist began the quest for the
                  | Orb.
     0 | D:1      | Reached XP level 1. HP: 16/16 MP: 3/3
   445 | D:1      | Reached XP level 2. HP: 24/24 MP: 0/5
   552 | D:1      | Learned a level 2 spell: Scorch
   985 | D:1      | Reached XP level 3. HP: 31/31 MP: 4/7
  1539 | D:1      | Slain by an iguana

Illustrated notes

Levels and vault maps discovered:
D:1:      tarquinn_simple_flora_water_b, layout_basic
D:2:      minmay_chambers_of_twos, layout_loops_ring, uniq_terence

Skill      XL: |  1  2  3 |
---------------+----------+-----
Fire Magic     | 3 |  3.4
Spellcasting   | 3 |  3.3
Dodging        | |  1.7
Stealth        | |  1.4
Conjurations   | |  0.8

Action                   || total
-------------------------++-------
Melee: Unarmed           ||     6
       Dagger            ||    26
 Cast: Foxfire           ||    17
       Scorch            ||    18
Armor: Robe              ||    22
Dodge: Dodged            ||    21

Table legend: (Time is in decaauts)
 A = Elapsed time spent in this place.
 B = Non-inter-level travel time spent in this place.
 C = Inter-level travel time spent in this place.
 D = Time resting spent in this place.
 E = Time spent auto-exploring this place.
 F = Levels seen in this place.
 G = Mean time per level.
                   A        B        C        D        E       F      G
               +--------+--------+--------+--------+--------+-----+--------+
         Total |   1538 |   1525 |     13 |    138 |   1166 |   2 |  769.0 |
       Dungeon |   1538 |   1525 |     13 |    138 |   1166 |   2 |  769.0 |
               +--------+--------+--------+--------+--------+-----+--------+

Top non-repeatable levels by time:
     D:1: 1534 daAuts
     D:2: 4 daAuts
